 Dungeon Crawl Stone Soup version 0.27-a0-1456-gf5a116941d (webtiles) character file.

Game seed: 693390878563308661

47 nyamberluvr69 the Skirmisher (level 3, -2/30 HPs)
             Began as a Barachi Abyssal Knight on July 6, 2021.
             Was a Follower of Lugonu.
             Slain by Terence (10 damage)
             ... on level 2 of the Dungeon.
             The game lasted 00:04:28 (1576 turns).

nyamberluvr69 the Skirmisher (BaAK)                 Turns: 1576, Time: 00:04:29

Health: -2/30      AC:  5    Str: 14    XL:     3   Next: 70%
Magic:  4/4        EV: 10    Int: 12    God:    Lugonu [*.....]
Gold:   57         SH:  0    Dex: 11    Spells: 2/2 levels left

rFire    . . .     SeeInvis .   a - +1 falchion
rCold    . . .     Faith    .   (no shield)
rNeg     . . .     Spirit   .   c - +0 ring mail
rPois    .         Reflect  .   (no helmet)
rElec    .         Harm     .   (no cloak)
rCorr    .         Rampage  .   (no gloves)
Will     .....                  (no boots)
Stlth    +.........             (no amulet)
HPRegen  0.10/turn              (no ring)
MPRegen  0.09/turn              (no ring)

@: slow
A: amphibious, slowness 1, strong legs 1, +LOS
a: Hop, Renounce Religion, Depart the Abyss


You were on level 2 of the Dungeon.
You worshipped Lugonu.
Lugonu was aware of your devotion.
You visited 1 branch of the dungeon, and saw 2 of its levels.
You visited the Abyss 1 time.

You collected 57 gold pieces.

Inventory:

Hand Weapons
 a - a +1 falchion (weapon)
Missiles
 f - 5 atropa-tipped darts
Armour
 b - a +0 leather armour
 c - a +0 ring mail (worn)
Potions
 g - a potion of mutation


   Skills:
 + Level 4.3 Fighting
 * Level 4.2 Long Blades
 - Level 2.4 Armour
 - Level 1.1 Dodging
 - Level 1.5 Invocations


You had 2 spell levels left.
You didn't know any spells.
Your spell library contained the following spells:

 Spells                   Type           Power      Damage    Failure   Level
 Ensorcelled Hibernation  Hex/Ice        0%         N/A       69%         2
 Ozocubu's Armour         Ice            0%         N/A       89%         3
 Spider Form              Tmut/Pois      0%         N/A       89%         3
 Metabolic Englaciation   Hex/Ice        0%         N/A       100%        5
 Shadow Creatures         Summ           N/A        N/A       100%        6
 Simulacrum               Ice/Necr       0%         N/A       100%        6


Dungeon Overview and Level Annotations

Branches:
Dungeon (2/15)

Altars:

Annotations:
D:2 Terence


Innate Abilities, Weirdness & Mutations

You are amphibious.
You cover ground slowly.
You can hop short distances.
You have an extended range of vision and can be seen from far away.


Message History

You close the door.
Terence opens the door.
You close the door.
Terence opens the door.
You close the door.
Terence opens the door.
You close the door.
An adder comes into view.
Terence opens the door.
You close the door.
The adder hisses angrily.
Terence opens the door.
You close the door.
Terence opens the door.
There is an open door here.
You hit Terence.
Terence is moderately wounded.
Terence misses you. Terence barely misses you.
You riposte.
You hit Terence but do no damage.
Terence is moderately wounded.
You hit Terence.
Terence is heavily wounded.
Terence hits you with a +2 flail of protection.
You barely miss Terence.
Terence is heavily wounded.
Terence hits you with a +2 flail of protection.
You hit Terence but do no damage.
Terence is heavily wounded.
Terence barely misses you.
You riposte.
You hit Terence but do no damage.
Terence is heavily wounded.
You hit Terence but do no damage.
Terence is heavily wounded.
Terence hits you with a +2 flail of protection!
* * * LOW HITPOINT WARNING * * *
You barely miss Terence.
Terence is heavily wounded.
Terence barely misses you.
You hit Terence.
Terence is heavily wounded.
Terence hits you but does no damage.
You hit Terence but do no damage.
Terence is heavily wounded.
Terence hits you with a +2 flail of protection!
You die...

#....# ....#
#....#######@....#
+....+..†.@'......
#..†.# #.#
#....####.#
#..†.'....#
#..S.###### ###@##
#@# #.######
#......#
###......########
#.'..............
#.#.....(....#
#..#.........#
##.##........#
#.##........#


You could see Terence and an adder.

Vanquished Creatures
  A dart slug (D:2)
  A bat (D:1)
  6 endoplasms
  2 goblins
  3 hobgoblins (D:1)
  8 jackals
  3 kobolds (D:1)
  2 quokkas
  7 ball pythons
  5 rats (D:1)
38 creatures vanquished.

Notes
Turn   | Place    | Note
-------+----------+-------------------------------------------
     0 | Abyss:1  | nyamberluvr69 the Barachi Abyssal Knight began the quest
                  | for the Orb.
     0 | Abyss:1  | Reached XP level 1. HP: 18/18 MP: 2/2
     0 | D:1      | Escaped the Abyss
   135 | D:1      | Reached * piety under Lugonu
   319 | D:1      | Reached XP level 2. HP: 25/25 MP: 3/3
   726 | D:1      | Reached XP level 3. HP: 30/30 MP: 4/4
  1084 | D:2      | Noticed Terence
  1576 | D:2      | Slain by Terence

Illustrated notes

Levels and vault maps discovered:
D:1:      lemuel_arrival_river_ford, layout_basic
D:2:      layout_basic, hellmonk_ecumenical_altar_heavens_door, serial_shops,
          nicolae_shop_crystal, minmay_fractal_squares_gapless_5, uniq_terence

Skill      XL: |  1  2  3 |
---------------+----------+-----
Long Blades    | 3 4 |  4.2
Fighting       | 4 |  4.3
Armour         | |  2.4
Dodging        | |  1.1
Invocations    | |  1.5

Action                   || total
-------------------------++-------
Melee: Falchion          ||   100
Invok: Depart the Abyss  ||     1
  Use: Scroll            ||     3
Armor: Leather armour    ||     4
       Ring mail         ||    56
Dodge: Dodged            ||    87
       Rpst.: Falchion   ||    28

Table legend: (Time is in decaauts)
 A = Elapsed time spent in this place.
 B = Non-inter-level travel time spent in this place.
 C = Inter-level travel time spent in this place.
 D = Time resting spent in this place.
 E = Time spent auto-exploring this place.
 F = Levels seen in this place.
 G = Mean time per level.
                   A        B        C        D        E       F      G
               +--------+--------+--------+--------+--------+-----+--------+
         Total |   1737 |   1659 |     78 |    478 |    846 |   3 |  579.0 |
       Dungeon |   1737 |   1659 |     78 |    478 |    846 |   2 |  868.5 |
         Abyss |      0 |      0 |      0 |      0 |      0 |   1 |    0.0 |
               +--------+--------+--------+--------+--------+-----+--------+

Top non-repeatable levels by time:
     D:1: 1615 daAuts
     D:2: 122 daAuts
